Map: Acropolis LE

Players

Zanster - Winner!

  • Race: Zerg Zerg
  • Spawn Location: 11:00

LiquidMaNa (MaNa)

  • Race: Protoss Protoss
  • League: Grandmaster
  • Spawn Location: 5:00

Event: NationWars 2019

VOD

Have the link to the VOD?

Description

Time

  • Played on: Oct. 13, 2019, 11:35 a.m.
  • Length: 18:39
Show
View Real Time Build Order
Export as new Build Order

Zanster Zerg - Winner!

Build Orders: Hatch First, Brood Lord Corruptor 

Get SALT Encoding   

  12  0:00  Drone  
  13  0:12  Overlord  
  13  0:16  Drone  
  14  0:30  Drone x2  
  16  0:46  Drone x2  
  18  0:55  Hatchery  
  17  0:57  Drone  
  17  1:00  Extractor  
  17  1:13  Spawning Pool  
  17  1:15  Drone  
  17  1:19  Drone  
  18  1:28  Drone  
  19  1:41  Drone  
  20  1:50  Drone  
  21  2:01  Overlord  
  21  2:02  Metabolic Boost  
  21  2:06  Queen x2  
  21  2:07  Zergling x2  
  26  2:13  Zergling x2  
  27  2:17  Drone  
  28  2:24  Zergling x2  
  29  2:30  Drone  
  29  2:33  Zergling x2  
  31  2:41  Hatchery  
  31  2:43  Overlord  
  30  2:48  Queen  
  31  2:52  Drone  
  31  2:53  Drone  
  31  2:56  Drone  
  34  3:02  Drone  
  35  3:05  Drone  
  36  3:13  Overlord  
  36  3:15  Drone  
  37  3:20  Drone x6  
  37  3:24  Drone  
  44  3:31  Queen  
  44  3:33  Overlord  
  46  3:36  Drone  
  46  3:39  Drone  
  48  3:46  Overlord  
  48  3:50  Spore Crawler  
  48  3:52  Drone x5  
  48  3:53  Spore Crawler  
  51  3:57  Drone x2  
  51  3:59  Drone  
  54  4:03  Drone  
  54  4:04  Drone  
  54  4:07  Drone  
  57  4:11  Queen  
  57  4:14  Spore Crawler, Drone  
  59  4:20  Drone x2  
  61  4:24  Overlord  
  61  4:25  Zergling x8  
  61  4:28  Zergling x2  
  65  4:32  Overlord  
  65  4:36  Lair, Overlord  
  65  4:41  Roach Warren  
  65  4:42  Overlord  
  65  4:45  Overlord  
  64  4:46  Overlord  
  64  4:52  Drone  
  64  4:53  Drone  
  64  4:55  Drone x5  
  64  4:59  Drone x3  
  73  5:03  Drone x4  
  73  5:04  Drone  
  78  5:10  Extractor, Overlord  
  78  5:12  Extractor  
  78  5:13  Drone, Extractor  
  76  5:16  Drone  
  76  5:18  Drone  
  76  5:19  Overlord  
  76  5:20  Drone x2  
  79  5:24  Drone  
  80  5:29  Overlord  
  80  5:33  Drone x4  
  80  5:34  Drone  
  80  5:35  Roach x2  
  88  5:39  Queen  
  88  5:41  Glial Reconstitution  
  88  5:42  Extractor, Overlord  
  87  5:43  Roach  
  87  5:44  Roach  
  87  5:48  Overlord  
  91  5:50  Extractor  
  91  5:53  Hatchery  
  91  5:54  Roach x2  
  93  5:57  Roach  
  93  6:01  Drone x2  
  93  6:02  Drone x3  
  93  6:03  Drone  
  100  6:13  Overlord  
  100  6:18  Zergling x10  
  101  6:26  Infestation Pit  
  101  6:27  Baneling Nest  
  101  6:28  Drone x2  
  101  6:29  Overlord  
  101  6:32  Zergling x10, Roach  
  108  6:35  Ravager x3  
  108  6:37  Ravager  
  112  6:41  Drone, Overlord  
  111  6:48  Drone x2  
  111  6:49  Drone x3  
  116  6:57  Overlord  
  116  7:06  Hive  
  115  7:09  Spire  
  115  7:10  Overlord  
  115  7:11  Drone x10  
  115  7:12  Evolution Chamber  
  123  7:16  Drone, Centrifical Hooks  
  123  7:19  Overlord  
  124  7:22  Spore Crawler  
  124  7:27  Drone  
  124  7:28  Overlord  
  124  7:32  Roach x2  
  124  7:33  Roach x2  
  124  7:34  Roach x4  
  124  7:35  Ravager x3  
  143  7:38  Zergling x10, Roach  
  143  7:42  Baneling x5  
  150  7:44  Baneling  
  150  7:45  Baneling  
  150  7:46  Zergling x4, Roach  
  150  7:47  Baneling  
  150  7:50  Zergling x4, Roach  
  158  7:51  Overlord  
  158  7:57  Baneling x4  
  155  7:59  Drone x3  
  155  8:04  Zergling x4  
  160  8:10  Extractor  
  160  8:12  Overlord  
  158  8:13  Extractor  
  157  8:20  Zerg Melee Weapons Level 1  
  157  8:22  Greater Spire  
  157  8:23  Zergling x28  
  171  8:34  Hatchery  
  171  8:35  Overlord  
  167  8:42  Zergling x18, Roach x3  
  182  8:53  Overlord  
  182  8:58  Spore Crawler  
  182  9:01  Zergling x14  
  188  9:06  Zergling x2  
  188  9:07  Zergling x2  
  187  9:28  Corruptor x10  
  191  9:40  Zerg Flyer Armor Level 1  
  191  9:41  Drone x10  
  195  9:53  Extractor  
  195  9:57  Spore Crawler  
  195  9:59  Extractor  
  190  10:07  Corruptor x4  
  197  10:24  Hatchery  
  180  10:38  Corruptor x5  
  187  10:49  Zergling x2  
  178  10:50  Zergling x16  
  178  10:52  Zerg Melee Weapons Level 2  
  178  10:53  Adrenal Glands  
  177  11:01  Zergling x22  
  177  11:03  Brood Lord  
  187  11:04  Brood Lord  
  187  11:05  Brood Lord x2  
  187  11:06  Brood Lord  
  187  11:07  Brood Lord x2  
  199  11:27  Hatchery  
  199  11:30  Baneling x9  
  198  11:36  Overseer x2  
  198  11:37  Pneumatized Carapace  
  198  11:38  Zerg Flyer Weapons Level 1  
  198  11:44  Baneling x10  
  198  11:54  Spore Crawler x2  
  196  11:56  Spore Crawler  
  190  12:02  Corruptor  
  190  12:03  Corruptor x3  
  181  12:23  Corruptor x7  
  192  12:38  Brood Lord x2  
  192  12:39  Brood Lord  
  192  12:40  Spore Crawler  
  192  12:41  Spore Crawler  
  192  12:42  Spore Crawler x4  
  192  12:43  Spore Crawler  
  190  12:44  Spore Crawler  
  188  12:55  Corruptor x3  
  182  13:01  Zergling x34  
  182  13:04  Baneling x15  
  199  13:08  Pathogen Glands  
  172  13:39  Zergling x6  
  172  13:40  Zergling x6, Drone x4  
  172  13:41  Drone x3  
  175  13:42  Zerg Melee Weapons Level 3  
  175  13:48  Drone x6  
  179  13:49  Drone x2  
  179  13:50  Drone x2  
  183  13:57  Brood Lord  
  183  13:58  Corruptor x4  
  185  14:10  Infestor x4  
  185  14:15  Infestor x2  
  196  14:30  Infestor  
  196  14:31  Infestor  
  196  14:32  Neural Parasite  
  196  14:37  Zergling x8  
  196  14:58  Zergling x18  
  197  15:03  Zerg Flyer Weapons Level 2  
  192  15:17  Corruptor  
  192  15:18  Corruptor x3  
  200  15:24  Zergling x2  
  189  15:33  Brood Lord x6  
  199  15:41  Overseer  
  197  15:53  Zergling x10  
  197  16:04  Zergling x4  
  175  16:33  Corruptor x13  
  187  16:42  Zergling x24  
  187  16:43  Zergling x8  
  199  16:52  Zergling x14  
  180  17:07  Infestor x3  
  186  17:11  Brood Lord x2  
  190  17:20  Corruptor  
  190  17:21  Corruptor x3  
  177  17:23  Zergling x6  
  170  17:33  Zergling x12  
  176  17:49  Brood Lord x4  
  171  17:55  Brood Lord  
  158  18:21  Hatchery  
  158  18:22  Zergling x2  
  156  18:24  Hatchery  
Show
View Real Time Build Order
Export as new Build Order

LiquidMaNa Protoss 

Build Orders: 1 Gate Expand, Phoenix Opening, Chargelot Immortal 

Get SALT Encoding   

  12  0:00  Probe  
  13  0:13  Pylon  
  13  0:18  Probe (Chrono Boost)  
  14  0:27  Probe (Chrono Boost)  
  15  0:32  Probe (Chrono Boost)  
  16  0:41  Gateway  
  16  0:44  Probe  
  16  0:49  Assimilator  
  17  0:56  Probe (Chrono Boost)  
  18  1:08  Probe (Chrono Boost)  
  19  1:15  Probe (Chrono Boost)  
  20  1:29  Nexus  
  20  1:36  Cybernetics Core  
  20  1:40  Probe  
  21  1:47  Assimilator  
  21  1:52  Probe  
  22  1:58  Pylon  
  22  2:04  Probe  
  23  2:14  Adept (Chrono Boost)  
  23  2:16  Probe  
  23  2:19  Stargate  
  26  2:28  Probe, Warp Gate  
  27  2:37  Adept  
  27  2:41  Probe  
  27  2:42  Probe  
  30  2:53  Probe  
  30  2:54  Probe  
  30  2:57  Assimilator  
  32  3:03  Phoenix (Chrono Boost)  
  32  3:05  Probe  
  35  3:06  Probe  
  36  3:17  Probe, Robotics Facility  
  36  3:18  Probe  
  38  3:25  Phoenix  
  40  3:29  Probe  
  40  3:30  Probe  
  42  3:34  Pylon  
  42  3:41  Probe  
  42  3:42  Probe  
  42  3:44  Assimilator  
  44  3:50  Phoenix (Chrono Boost)  
  44  3:54  Probe x2  
  48  3:58  Pylon  
  48  4:06  Observer (Chrono Boost), Probe x2  
  51  4:12  Phoenix (Chrono Boost)  
  51  4:14  Pylon  
  51  4:16  Sentry  
  55  4:18  Probe x2  
  57  4:29  Immortal (Chrono Boost)  
  61  4:32  Probe x2  
  61  4:37  Pylon  
  63  4:39  Sentry  
  63  4:44  Probe  
  66  4:53  Probe  
  66  4:56  Probe  
  66  4:57  Pylon  
  68  5:03  Sentry  
  68  5:05  Probe, Immortal (Chrono Boost)  
  75  5:08  Probe  
  76  5:19  Nexus  
  76  5:20  Probe x2  
  78  5:22  Pylon  
  78  5:26  Sentry  
  80  5:31  Pylon, Observer  
  80  5:32  Probe  
  81  5:38  Probe  
  81  5:41  Robotics Facility  
  81  5:42  Forge  
  82  5:43  Immortal (Chrono Boost)  
  86  5:50  Zealot  
  88  6:02  Gateway  
  88  6:03  Probe  
  89  6:04  Robotics Bay  
  89  6:07  Probe  
  89  6:08  Shield Battery  
  90  6:15  Probe, Observer  
  89  6:19  Probe  
  89  6:21  Immortal (Chrono Boost)  
  89  6:22  Protoss Ground Weapons Level 1 (Chrono Boost)  
  94  6:27  Probe  
  94  6:28  Assimilator  
  94  6:30  Assimilator  
  94  6:31  Probe x2  
  97  6:36  Warp Prism (Chrono Boost)  
  97  6:39  Probe  
  100  6:42  Zealot  
  100  6:47  Probe x2  
  104  6:51  Colossus (Chrono Boost), Probe  
  111  6:54  Extended Thermal Lance  
  111  7:02  Probe x2  
  111  7:07  Photon Cannon  
  114  7:10  Zealot  
  114  7:11  Zealot  
  117  7:17  Pylon  
  117  7:18  Pylon  
  117  7:30  Twilight Council  
  117  7:33  Gateway  
  117  7:35  Probe x3, Gateway  
  117  7:37  Zealot x2  
  122  7:38  Gateway  
  124  7:51  Colossus (Chrono Boost), Gateway x2  
  124  7:58  Charge  
  130  8:03  Pylon  
  130  8:05  Pylon  
  130  8:06  Pylon  
  130  8:08  Pylon  
  130  8:09  Pylon  
  130  8:10  Templar Archives  
  130  8:15  Nexus  
  130  8:18  Colossus (Chrono Boost)  
  130  8:24  Protoss Ground Weapons Level 2 (Chrono Boost)  
  130  8:25  Pylon x2  
  136  8:31  Probe x2  
  136  8:37  Psionic Storm  
  134  8:48  High Templar x6  
  138  8:52  Zealot  
  148  8:56  Shield Battery  
  148  8:59  Pylon  
  148  9:05  Fleet Beacon  
  148  9:07  Stargate  
  148  9:09  Stargate  
  146  9:14  Assimilator  
  144  9:19  Probe x2  
  144  9:20  Assimilator  
  144  9:22  Probe  
  145  9:28  Zealot x6  
  145  9:31  Probe  
  158  9:37  Probe x3  
  157  9:39  Shield Battery  
  157  9:42  Blink (Chrono Boost)  
  157  9:44  Protoss Air Weapons Level 1 (Chrono Boost)  
  157  9:48  Zealot  
  157  9:51  Observer, Tempest (Chrono Boost)  
  159  9:54  Tempest (Chrono Boost)  
  174  10:01  Tempest (Chrono Boost)  
  172  10:12  Shield Battery  
  172  10:16  High Templar  
  172  10:17  High Templar  
  172  10:18  Shield Battery  
  172  10:19  Zealot x4  
  172  10:20  Archon  
  154  10:37  Stalker  
  154  10:40  Stalker x4  
  142  10:51  Zealot x2  
  142  10:56  Tempest x2 (Chrono Boost)  
  156  10:59  Probe x2  
  156  11:03  Colossus  
  166  11:05  Colossus  
  170  11:18  High Templar x2  
  170  11:22  Photon Cannon  
  170  11:23  Shield Battery  
  170  11:24  Gateway  
  170  11:25  Gateway  
  174  11:27  Pylon  
  174  11:29  Pylon  
  174  11:31  Oracle (Chrono Boost)  
  174  11:36  Tempest (Chrono Boost)  
  182  11:48  Stalker x3  
  182  12:07  Tempest x2  
  187  12:12  Zealot  
  187  12:13  Zealot x5  
  189  12:26  Photon Cannon  
  189  12:30  Zealot x3  
  189  12:33  Zealot x2  
  199  12:37  Protoss Air Weapons Level 2 (Chrono Boost)  
  199  12:40  Photon Cannon  
  199  12:42  Photon Cannon  
  199  12:50  Gateway  
  186  13:03  Zealot x5  
  186  13:04  Zealot x2  
  200  13:11  Protoss Ground Weapons Level 3 (Chrono Boost)  
  181  13:39  Mothership (Chrono Boost)  
  172  13:49  High Templar x5  
  172  13:50  High Templar  
  172  13:53  Probe x2 (Chrono Boost), Archon x2  
  172  13:54  Oracle, Probe (Chrono Boost), Archon  
  190  13:55  Void Ray x2  
  190  14:00  Zealot x3  
  200  14:18  Photon Cannon  
  200  14:23  Photon Cannon  
  200  14:24  Photon Cannon  
  193  14:33  Zealot x3  
  199  14:40  Shield Battery  
  199  14:41  Shield Battery  
  199  14:44  Shield Battery  
  195  14:54  Disruptor x2  
  190  15:09  Zealot x5  
  192  15:35  Oracle  
  192  15:36  Oracle, Nexus  
  192  15:37  Zealot  
  192  15:38  Pylon  
  192  15:39  Pylon  
  200  15:52  Protoss Shields Level 1 (Chrono Boost)  
  200  15:53  Zealot x3  
  198  16:02  Zealot  
  185  16:34  Stalker x6  
  185  16:35  Stalker x2  
  167  16:51  Stalker  
  145  17:01  High Templar x4  
  145  17:02  High Templar x2  
  145  17:07  Archon x3  
  148  17:09  Stalker x2  
  102  17:33  Stalker x3  
  102  17:34  Stalker x6  
  85  17:57  Stalker x4  
  85  17:58  Stalker x5  
Tags
 
Add a new tag
Caveats
  • Supply blocks, unpowered buildings, or Contaminate may cause inaccurate times.
  • Supply counts are checked every 10 seconds.